 Dungeon Crawl Stone Soup version 0.18.1-5-g4a78601 (webtiles) character file.

92 TheHangedMan the Conjurer (level 4, -1/27 HPs)
             Began as a High Elf Wizard on May 11, 2016.
             Slain by an orc
             ... wielding a +0 hand axe
              (7 damage)
             ... on level 3 of the Dungeon.
             The game lasted 00:04:19 (2558 turns).

TheHangedMan the Conjurer (High Elf Wizard)         Turns: 2558, Time: 00:04:19

Health: -1/27      AC:  4    Str:  6    XL:     4   Next: 35%
Magic:  2/10       EV: 12    Int: 22    God:
Gold:   203        SH:  0    Dex: 14    Spells: 4 memorised, 1 level left

rFire  . . .     SeeInvis .     i - +0 spear
rCold  . . .     Gourm    .     a - +0 robe
rNeg   . . .     Faith    .     (no shield)
rPois  .         Spirit   .     b - +0 hat
rElec  .         Dismiss  .     o - +0 cloak
rCorr  .         Reflect  .     (no gloves)
SustAt .         Harm     .     g - +0 pair of boots
MR     .....                    (no amulet)
Stlth  ++........               (no ring)
                                (no ring)

@: very slightly contaminated, not resistant to hostile enchantments, unstealthy
A: no striking features
a: no special abilities


You were on level 3 of the Dungeon.
You were hungry.

You visited 1 branch of the dungeon, and saw 3 of its levels.

You collected 203 gold pieces.

Inventory:

Hand Weapons
 i - a +0 spear (weapon)
Armour
 a - a +0 robe (worn)
 b - a +0 hat (worn)
 g - a +0 pair of boots (worn)
 o - a +0 cloak (worn)
Scrolls
 e - 3 scrolls of remove curse {unknown}
 h - a scroll of teleportation {unknown}
 n - a scroll of magic mapping {unknown}
 r - a scroll of identify {unknown}
Potions
 f - 3 potions of curing {unknown}
 j - a potion of resistance {unknown}
 k - a potion of might {unknown}
 l - 2 potions of lignification {unknown}
 m - 3 potions of mutation {unknown}
 p - a potion of heal wounds {unknown}
Books
 c - a book of Minor Magic

   Spells                             Type                      Level
   a - Magic Dart                     Conjuration                  1
   b - Blink                          Translocation                2
   c - Call Imp                       Summoning                    2
   d - Repel Missiles                 Charms/Air                   2
   e - Slow                           Hexes                        2
   f - Conjure Flame                  Conjuration/Fire             3
   g - Mephitic Cloud                 Conjuration/Poison/Air       3
Comestibles
 d - 3 bread rations
 q - a beef jerky


   Skills:
 - Level 2.1 Dodging
 - Level 2.1 Stealth
 - Level 3.6 Spellcasting
 + Level 4.7 Conjurations
   Level 0.8 Summonings
 - Level 1.1 Translocations


You had one spell level left.
You knew the following spells:

 Your Spells              Type           Power        Failure   Level  Hunger
a - Magic Dart            Conj           ###.         1%          1    None
b - Blink                 Tloc           N/A          12%         2    ##.....
c - Conjure Flame         Conj/Fire      ##......     14%         3    ###....
d - Mephitic Cloud        Conj/Pois/Air  ##......     21%         3    ###....


Dungeon Overview and Level Annotations

Branches:
Dungeon (3/15)

Altars:
Ru
Vehumet
Xom


Message History

The orc is healed somewhat.
Attack whom?
Press: ? - help, Dir - move target cursor, f/p - orc
Aim: an orc, wielding a hand axe and wearing a ring mail (lightly wounded)
You hit the orc but do no damage.
The orc is lightly wounded.
The orc misses you.
Attack whom?
Press: ? - help, Dir - move target cursor, f - orc priest, p - orc
Aim: an orc priest, wielding a dagger (heavily wounded)
You reach to attack!
You hit the orc priest.
The orc priest is heavily wounded.
The orc hits you but does no damage.
Attack whom?
Press: ? - help, Dir - move target cursor, f/p - orc priest
Aim: an orc priest, wielding a dagger (heavily wounded)
The orc is in the way.
You hit the orc but do no damage.
The orc is lightly wounded.
The orc hits you with a hand axe!
You die...

#.......#
...#####..#
###########
....#.#.#..#
#..........
....#.#.#..#
#.######### ###
#...#..# #.#
+._.'..# #.#
#..o#### #.# #.#o#
#.# ####.#@# #.#
#..##########'###
#.#######.......#
#.......'.......#
#..#..###.......#
#..#.........[..#
#..#<รท..#.......#
#..#....#.#######
#..#....#.#


You could see an orc priest and an orc.

Vanquished Creatures
  4 adders
  An ooze (D:2)
  2 dart slugs
  2 giant geckos
  7 bats
  A giant cockroach (D:2)
  5 hobgoblins
  4 jackals (D:3)
  A quokka (D:3)
  2 ball pythons
  5 giant newts
  2 goblins
  9 kobolds
  2 rats
  A toadstool (D:1)
48 creatures vanquished.

Vanquished Creatures (others)
  3 toadstools (D:1)
3 creatures vanquished.

Grand Total: 51 creatures vanquished

Notes
Turn   | Place    | Note
--------------------------------------------------------------
     0 | D:1      | TheHangedMan the High Elf Wizard began the quest for the Orb.
     0 | D:1      | Reached XP level 1. HP: 11/11 MP: 6/6
   239 | D:1      | You fall through a shaft!
   359 | D:1      | Reached skill level 2 in Conjurations
   448 | D:1      | Reached XP level 2. HP: 17/17 MP: 4/7
   999 | D:2      | Reached skill level 3 in Conjurations
  1114 | D:2      | Found a radiant altar of Vehumet.
  1195 | D:2      | Reached XP level 3. HP: 19/21 MP: 3/9
  1210 | D:2      | Learned a level 2 spell: Blink
  1214 | D:2      | Learned a level 3 spell: Conjure Flame
  1218 | D:2      | Learned a level 3 spell: Mephitic Cloud
  1466 | D:2      | Found a sacrificial altar of Ru.
  1769 | D:3      | Reached skill level 4 in Conjurations
  2050 | D:3      | Reached XP level 4. HP: 27/27 MP: 1/10
  2540 | D:3      | Found a shimmering altar of Xom.
  2558 | D:3      | Slain by an orc

Skill      XL: |  1  2  3 |
---------------+----------+-----
Conjurations   | 2 3 4 |  4.7
Dodging        | |  2.1
Stealth        | |  2.1
Spellcasting   | |  3.6
Summonings     | |  0.8
Translocations | |  1.1

Action                   |  1- 3 |  4- 6 || total
-------------------------+-------+-------++-------
Melee: Unarmed           |    13 |       ||    13
       Spear             |    13 |    14 ||    27
 Cast: Magic Dart        |    81 |    26 ||   107
       Blink             |       |     2 ||     2
  Eat: Chunk             |     3 |     1 ||     4
Armor: Robe              |     9 |     3 ||    12
Dodge: Dodged            |    22 |    11 ||    33
